 Dungeon Crawl Stone Soup version 0.30.1-11-g7821555f0a (webtiles) character file.

Game seed: 11090891451445079594

76694 Nonny the Impaler (level 15, -4/189 HPs)
             Began as a Demonspawn Berserker on Oct 28, 2023.
             Was the Champion of Trog.
             Slain by an orc warlord
             ... wielding a +0 bardiche
              (15 damage)
             ... on level 2 of the Orcish Mines.
             The game lasted 01:02:05 (18916 turns).

Nonny the Impaler (Demonspawn Berserker)           Turns: 18916, Time: 01:02:06

Health: -4/189     AC: 24    Str: 25    XL:     15   Next: 13%
Magic:  24/24      EV:  8    Int: 11    God:    Trog [******]
Gold:   2394       SH:  0    Dex: 20    Spells: 14/14 levels left

rFire   + + .        k - +3 glaive (heavy)
rCold   + + .        (shield currently unavailable)
rNeg    . . .        y - +4 plate armour {rC+}
rPois   .            (helmet unavailable)
rElec   +            Y - scarf {shadows}
rCorr   .            Z - +2 pair of gloves {Dex+3}
SInv    .            v - +0 pair of boots of the Stag {rF+ rC+ Slay+2}
Will    +....        S - amulet of Viseh {Regen+ Dex+4} Stlth
                     h - ring "Coamn" {rElec MP+9 Int+3}
HPRegen 1.31/turn    n - ring of protection from fire
MPRegen 0.19/turn

%: no passive effects
@: berserking, very quick
A: horns 3, foul stench 3, spiny 2
a: Renounce Religion, Berserk, Trog's Hand, Brothers in Arms


You were on level 2 of the Orcish Mines.
You worshipped Trog.
Trog was exalted by your worship.
You visited 5 branches of the dungeon, and saw 22 of its levels.
You also visited: Ossuary, Gauntlet, Ice Cave and Volcano.

You collected 3570 gold pieces.
You spent 1176 gold pieces at shops.

Inventory:

Hand Weapons
 k - a +3 heavy glaive (weapon)
 w - a +1 antimagic glaive
 W - a +6 heavy demon trident
Missiles
 e - 44 poisoned darts (quivered)
 j - 3 throwing nets
Armour
 v - the +0 pair of boots of the Stag (worn) {rF+ rC+ Slay+2}
   (You acquired it on level 4 of the Dungeon)

   Slay:      It affects your accuracy & damage with ranged weapons and melee
   (+2).
   rF:        It protects you from fire.
   rC:        It protects you from cold.
 y - a +4 plate armour of cold resistance (worn)
 Y - a scarf of shadows (worn)
 Z - a +2 pair of gloves of dexterity (worn)
Jewellery
 h - the ring "Coamn" (left hand) {rElec MP+9 Int+3}
   (You found it in a Gauntlet)

   [ring of magical power]

   Int:       It affects your intelligence (+3).
   rElec:     It insulates you from electricity.
   MP:        It affects your magic capacity (+9).
 l - a ring of flight
 n - a ring of protection from fire (right hand)
 L - the ring "Berih" {rC++ rN+ Dex+5 Stlth-}
   (You bought it in a shop on level 8 of the Dungeon)

   [ring of positive energy]

   Dex:       It affects your dexterity (+5).
   rC:        It greatly protects you from cold.
   rN:        It protects you from negative energy.
   Stlth:     It makes you less stealthy.
 S - the amulet of Viseh (around neck) {Regen+ Dex+4}
   (You found it in an ice cave)

   [amulet of regeneration]

   Dex:       It affects your dexterity (+4).
   Regen:     It increases your rate of health regeneration.
 U - the ring of the Tuna {rC- rN+ rCorr Int+6 SInv}
   (You acquired it on level 12 of the Dungeon)

   [ring of positive energy]

   Int:       It affects your intelligence (+6).
   rC:        It makes you vulnerable to cold.
   rN:        It protects you from negative energy.
   SInv:      It lets you see invisible.
   rCorr:     It protects you from acid and corrosion.
Wands
 d - a wand of mindburst (8)
 q - a wand of digging (21)
 C - a wand of light (13)
 E - a wand of polymorph (8)
 H - a wand of flame (53)
 V - a wand of roots (11)
 X - a wand of paralysis (22)
Scrolls
 g - 8 scrolls of teleportation
 t - a scroll of noise
 D - 5 scrolls of blinking
 F - 2 scrolls of magic mapping
 I - a scroll of summoning
 J - 3 scrolls of vulnerability {unknown}
 K - 4 scrolls of poison
 M - 5 scrolls of immolation
 N - 3 scrolls of silence
 Q - 3 scrolls of fog
Potions
 a - 6 potions of flight
 c - 10 potions of mutation
 f - 3 potions of might
 i - 2 potions of resistance
 m - 2 potions of haste
 o - 18 potions of curing
 p - 3 potions of cancellation
 r - 2 potions of berserk rage
 s - 7 potions of heal wounds
 z - 3 potions of lignification
 A - 5 potions of invisibility
 G - 7 potions of attraction
 O - 3 potions of magic
Miscellaneous
 b - a phantom mirror
 x - a lightning rod (4/4)
 R - a box of beasts


   Skills:
 - Level 14.0 Fighting
 + Level 17.4 Polearms
 - Level 11.7 Armour
 - Level 2.0 Dodging
 - Level 1.0 Stealth
 - Level 2.6 Unarmed Combat
 - Level 6.0 Evocations


You had 14 spell levels left.
You didn't know any spells.
Your spell library was empty.

Dungeon Overview and Level Annotations

Branches:
Dungeon (13/15)            Temple (1/1) D:5            Lair (5/5) D:11
 Shoals (1/4) Lair:3        Snake (0/4) Lair:2        Slime (0/5) Lair:4
    Orc (2/2) D:12        Ossuary (visited)           IceCv (visited)
Volcano (visited)         Gauntlet (visited)
    Elf: Orc:2       Vaults: D:13-14

Altars:
Ashenzari
Cheibriados
Dithmenos
Fedhas
Gozag
Hepliaklqana
Kikubaaqudgha
Makhleb
Nemelex Xobeh
Okawaru
Qazlal
Ru
Sif Muna
Trog
Uskayaw
Vehumet
Wu Jian
Xom
Yredelemnul
Jiyva

Shops:
D:3 !   D:7 *   D:8 =   D:12 :   Orc:2 :[

Annotations:
D:4 3 runed translucent doors, Rebeltree's ghost, amateur HOBe; lonewolfV2's ghost, amateur DsCj; lonewolfV2's ghost, amateur DsFi; safid's ghost, amateur MfIE
D:9 3 runed translucent doors, Zeor's ghost, novice DsGl
Shoals:1 Mlioglotl


Innate Abilities, Weirdness & Mutations

You have a pair of large horns on your head.
You frequently emit foul miasma when damaged in melee.
You are mostly covered in sharp spines.


Message History

You kill the orc warrior!
Trog accepts your kill.
You hear a shout!
You feel the power of Trog in you as your rage grows.
You kill Nessos!
Trog accepts your kill.
Trog appreciates your killing of a magic user.
The orc priest miscasts a cantrip.
The orc knight hits you from afar with a +2 halberd of freezing!!
The orc knight freezes you.
Unknown command.
You slice the orc warlord!! You headbutt the orc warlord.
The orc warlord is moderately wounded.
You hear a shout!
Unknown command.
You slice the orc warlord!! You headbutt the orc warlord.
The orc warlord is severely wounded.
The orc wizard hits you but does no damage.
The orc warlord hits you with a +0 bardiche!!
You emit a cloud of foul miasma!
The orc knight hits you from afar with a +2 halberd of freezing.
* * * LOW HITPOINT WARNING * * *
You slice the orc warlord!! You headbutt the orc warlord.
The orc warlord is almost dead.
An orc wizard comes into view. It is wielding a +0 dagger.
The orc wizard casts a spell.
The orc wizard flickers and vanishes!
Deactivating autopickup; reactivate with Ctrl-A.
The orc warlord is engulfed in dark miasma.
The orc warlord is poisoned.
The orc warlord hits you with a +0 bardiche!!!
* * * LOW HITPOINT WARNING * * *
The orc knight hits you from afar with a +2 halberd of freezing!
* * * LOW HITPOINT WARNING * * *
Unknown command.
You are too berserk!
The orc warlord is engulfed in dark miasma.
The orc warlord looks even sicker.
The orc warlord seems to slow down.
The orc warlord hits you from afar with a +0 bardiche!
You die...

##........#.....#.#.###.##
#...#....####............#
##.#.....# #####.#.....#..
###.....# #.∩#####.......
#8...8# #...####.......#
#..ooo##.o.##.#.)......#
#.o...#...##...#........
...o......o# #..)......#..
##......o..#####@..........
.......oo...o8o.#.....#...
.....4......oo.o..).......
......_o................
o..o.oo.o...............
.............8......... ##.
.o#####....... .. ......


You could see an orc warlord (strong, very poisoned, slow), an orc knight
(strong), an orc warrior (strong), an orc priest (strong) and 2 orc wizards.

Vanquished Creatures
  Jorgrun (Orc:1)
  Frances (D:12)
  A balrug (Orc:1)
  Nessos (Orc:2)
  A minotaur (Gauntlet)
  Harold (Orc:1)
  3 catoblepae
  3 hydras
  Erica (D:8)
  Erolcha (Orc:1)
  2 centaur warriors
  3 boulder beetles
  7 two-headed ogres
  9 death yaks
  A deep troll shaman (Lair:5)
  A tengu warrior (D:13)
  Urug (Orc:1)
  A hell knight (Volcano)
  2 skysharks
  A salamander mystic (Volcano)
  An orc knight (Orc:2)
  A necromancer (Gauntlet)
  A lindwurm (Lair:5)
  3 deep elf pyromancers (D:13)
  2 ugly things
  An oklob plant (Lair:5)
  A manticore (Shoals:1)
  3 cyclopes
  4 salamanders (Volcano)
  18 elephants
  Joseph (D:10)
  3 black mambas
  5 gargoyles
  An ice statue (IceCv)
  2 molten gargoyles (Volcano)
  An unseen horror (D:12)
  6 cane toads
  2 kobold demonologists
  6 komodo dragons
  4 rime drakes
  An efreet (D:13)
  3 polar bears
  3 hornets
  8 trolls
  Prince Ribbit (Lair:1)
  Grinder (D:3)
  6 dream sheep
  2 raiju (Gauntlet)
  12 blink frogs
  4 slime creatures (D:13)
  2 shadows (D:10)
  3 wyverns
  A vampire (D:11)
  A dire elephant simulacrum (IceCv)
  3 wraiths
  A centaur simulacrum (D:13)
  2 basilisks
  33 yaks
  A fire bat (Volcano)
  Eustachio (D:5)
  3 steam dragons (D:6)
  4 vampire mosquitoes
  A death yak simulacrum (IceCv)
  3 wargs
  2 acid dragons
  3 nagas (Lair:2)
  A hydra simulacrum (IceCv)
  14 water moccasins
  2 hell hounds (Lair:3)
  A floating eye (D:11)
  19 orc warriors
  A sky beast (D:6)
  4 ice beasts
  4 black bears
  30 wolves
  5 ogres
  7 centaurs
  2 phantoms (D:5)
  3 kobold brigands
  9 bullfrogs
  A gnoll sergeant (D:9)
  3 cane toad simulacra (IceCv)
  7 two-headed ogre simulacra (IceCv)
  2 water moccasin zombies (Ossuary)
  3 scorpions
  13 wights
  A killer bee (D:10)
  3 elephant simulacra (IceCv)
  3 electric eels
  4 howler monkeys
  5 lava snakes
  A hound (D:5)
  10 orc priests
  3 jellies
  A sleepcap (D:5)
  Crazy Yiuf (D:3)
  3 gnoll boudas
  Natasha (thrice) (D:2)
  4 iguanas
  20 orc wizards
  2 lightning spires (Gauntlet)
  A polar bear simulacrum (IceCv)
  3 spriggan simulacra
  2 troll simulacra (IceCv)
  2 wolf simulacra (IceCv)
  2 mummies (Ossuary)
  Robin (D:2)
  4 adders
  14 gnolls
  7 naga simulacra
  13 white imps
  3 ufetubi
  6 adder zombies (Ossuary)
  4 worms
  2 dart slugs
  66 orcs
  3 bats
  6 endoplasms
  3 giant cockroaches
  A gnoll zombie (Ossuary)
  19 goblins
  8 hobgoblins
  3 jackals (D:3)
  4 quokkas
  4 ball pythons
  2 frilled lizards
  3 hobgoblin zombies (Ossuary)
  15 kobolds
  8 kobold zombies (Ossuary)
  6 orc zombies (Ossuary)
  3 rats
626 creatures vanquished.

Vanquished Creatures (others)
  A queen bee (shapeshifter) (D:13)
  2 white imps
3 creatures vanquished.

Grand Total: 629 creatures vanquished

Notes
Turn   | Place    | Note
-------+----------+-------------------------------------------
     0 | D:1      | Nonny the Demonspawn Berserker began the quest for the Orb.
     0 | D:1      | Reached XP level 1. HP: 18/18 MP: 1/1
    32 | D:1      | Starting vault: clouds of fire! Also has amulet of
                  | regeneration. :)
   342 | D:1      | Gained mutation: You have a pair of small horns on your
                  | head. [demonic ancestry]
   342 | D:1      | Reached XP level 2. HP: 24/24 MP: 2/2
   913 | D:2      | Gained mutation: You may rarely emit foul miasma when
                  | damaged in melee. [demonic ancestry]
   913 | D:2      | Reached XP level 3. HP: 19/30 MP: 3/3
  1043 | D:2      | Reached ** piety under Trog
  1092 | D:2      | Noticed Natasha
  1100 | D:2      | Noticed Robin
  1101 | D:2      | Killed Natasha
  1102 | D:2      | Reached XP level 4. HP: 35/37 MP: 4/4
  1144 | D:2      | Killed Robin
  1192 | D:2      | Noticed Natasha
  1201 | D:2      | Killed Natasha
  1243 | D:2      | Noticed Natasha
  1250 | D:2      | Killed Natasha
  1251 | D:2      | Reached XP level 5. HP: 41/43 MP: 5/5
  1863 | D:3      | Reached *** piety under Trog
  1909 | D:3      | Found a runed translucent door.
  1910 | D:3      | Noticed Crazy Yiuf
  1917 | D:3      | Killed Crazy Yiuf
  1968 | D:3      | Noticed Grinder
  1980 | D:3      | Killed Grinder
  1981 | D:3      | Reached skill level 5 in Fighting
  1981 | D:3      | Reached skill level 1 in Polearms
  1981 | D:3      | Gained mutation: You have a pair of horns on your head.
                  | [demonic ancestry]
  1981 | D:3      | Reached XP level 6. HP: 51/51 MP: 6/6
  2069 | D:3      | Found Dofy's Distillery.
  2071 | D:3      | Bought 2 potions of heal wounds for 120 gold pieces
  2071 | D:3      | Bought a potion of curing for 36 gold pieces
  2073 | D:3      | Identified a scroll of acquirement
  2073 | D:3      | Acquired 929 gold pieces
  2075 | D:3      | Bought a potion of curing for 36 gold pieces
  2075 | D:3      | Bought a potion of curing for 36 gold pieces
  2075 | D:3      | Bought a potion of mutation for 96 gold pieces
  2075 | D:3      | Bought a potion of flight for 36 gold pieces
  2075 | D:3      | Bought a potion of resistance for 120 gold pieces
  2302 | D:4      | Random river vault.
  2317 | D:4      | It leads to nowhere
  2411 | D:4      | Acquired the +0 pair of boots of the Stag {rF+ rC+ Slay+2}
  2488 | D:4      | Found a sand-covered staircase.
  2489 | D:4      | It's in the northeast.
  2511 | Ossuary  | Entered an ossuary
  2531 | Ossuary  | Reached skill level 2 in Polearms
  2531 | Ossuary  | Reached skill level 5 in Armour
  2601 | Ossuary  | Reached XP level 7. HP: 56/56 MP: 7/7
  2770 | D:4      | Reached **** piety under Trog
  2771 | D:4      | Reached skill level 3 in Polearms
  2825 | D:4      | Found a runed translucent gate.
  2826 | D:4      | Found a runed translucent gate.
  2827 | D:4      | Found a runed translucent gate.
  2911 | D:4      | Noticed safid's ghost (amateur MfIE)
  3006 | D:4      | Noticed lonewolfV2's ghost (amateur DsFi)
  3007 | D:4      | Noticed Rebeltree's ghost (amateur HOBe)
  3007 | D:4      | Noticed lonewolfV2's ghost (amateur DsCj)
  3027 | D:5      | Entered Level 5 of the Dungeon
  3431 | D:5      | Reached skill level 4 in Polearms
  3451 | D:5      | Found a blossoming altar of Fedhas.
  3458 | D:5      | Noticed Eustachio
  3553 | D:6      | Gained mutation: You are partially covered in sharp spines.
                  | [demonic ancestry]
  3553 | D:6      | Reached XP level 8. HP: 63/63 MP: 8/8
  3561 | D:6      | Reached skill level 5 in Polearms
  3618 | D:6      | Reached skill level 6 in Polearms
  3656 | D:6      | Found a snail-covered altar of Cheibriados.
  3898 | D:6      | Reached skill level 7 in Polearms
  3898 | D:6      | Reached XP level 9. HP: 70/70 MP: 9/9
  3929 | D:6      | Found an ancient bone altar of Kikubaaqudgha.
  4371 | D:5      | Killed Eustachio
  4434 | D:5      | Found a sparkling altar of Nemelex Xobeh.
  4435 | D:5      | Found a stormy altar of Qazlal.
  4435 | D:5      | Found an opulent altar of Gozag.
  4435 | D:5      | Found an ornate altar of the Wu Jian Council.
  4435 | D:5      | Found a radiant altar of Vehumet.
  4437 | D:5      | Found a hazy altar of Hepliaklqana.
  4438 | D:5      | Found a bloodstained altar of Trog.
  4440 | D:5      | Found a shimmering altar of Xom.
  4463 | D:5      | Found a staircase to the Ecumenical Temple.
  4495 | Temple   | Entered the Ecumenical Temple
  4602 | Temple   | Temple: chain of circles
  4732 | D:7      | Noticed a komodo dragon
  4737 | D:7      | Killed a komodo dragon
  4738 | D:7      | Reached skill level 8 in Polearms
  5284 | D:7      | Reached ***** piety under Trog
  5285 | D:7      | Reached skill level 1 in Evocations
  5384 | D:7      | Found Couhy's Mass Market.
  5846 | D:8      | Found Tulen's Jewellery Emporium.
  5854 | D:8      | Bought the ring "Berih" {rC++ rN+ Dex+5 Stlth-} for 696
                  | gold pieces
  6094 | D:8      | Reached skill level 9 in Polearms
  6266 | D:8      | Noticed Erica
  6277 | D:8      | Killed Erica
  6278 | D:8      | Reached XP level 10. HP: 79/79 MP: 10/10
  6697 | D:9      | Noticed a two-headed ogre
  6949 | D:9      | Found a runed translucent gate.
  6949 | D:9      | Found a runed translucent gate.
  6949 | D:9      | Found a runed translucent gate.
  6952 | D:9      | Noticed Zeor's ghost (novice DsGl)
  6953 | D:9      | Noticed an 11-headed hydra
  7060 | D:9      | Noticed a ten-headed hydra
  7173 | D:9      | Reached skill level 10 in Polearms
  7270 | D:10     | Entered Level 10 of the Dungeon
  7338 | D:10     | Killed a two-headed ogre
  7474 | D:10     | Received a gift from Trog
  7537 | D:10     | Noticed Joseph
  7543 | D:10     | Noticed a gargoyle
  7550 | D:10     | Killed a gargoyle
  7556 | D:10     | Killed Joseph
  7991 | D:10     | Noticed a two-headed ogre
  7997 | D:10     | Killed a two-headed ogre
  7998 | D:10     | Gained mutation: You have a pair of large horns on your
                  | head. [demonic ancestry]
  7998 | D:10     | Reached XP level 11. HP: 86/86 MP: 11/11
  8067 | D:10     | Reached skill level 11 in Polearms
  8087 | D:10     | Noticed a two-headed ogre
  8096 | D:10     | Killed a two-headed ogre
  8097 | D:10     | Reached skill level 5 in Evocations
  8332 | D:11     | Found a staircase to the Lair.
  8395 | D:11     | Lair has icy entrance.
  8468 | D:11     | Found a frozen archway.
  8481 | D:11     | Noticed a two-headed ogre
  8490 | D:11     | Killed a two-headed ogre
  8491 | D:11     | Reached skill level 12 in Polearms
  8493 | D:11     | Ice cave entrance northeast of Lair entrance.
  8494 | IceCv    | Entered an ice cave
  8528 | IceCv    | Noticed a white ugly thing
  8532 | IceCv    | Killed a white ugly thing
  8791 | IceCv    | Reached skill level 1 in Stealth
  8817 | IceCv    | Noticed a reaper
  8957 | IceCv    | Identified the amulet of Viseh {Regen+ Dex+4}
  9364 | D:11     | Noticed a two-headed ogre
  9373 | D:11     | Found a snail-covered altar of Cheibriados.
  9376 | D:11     | Gained mutation: You sometimes emit foul miasma when
                  | damaged in melee. [demonic ancestry]
  9376 | D:11     | Reached XP level 12. HP: 97/97 MP: 12/12
  9382 | D:11     | Killed a two-headed ogre
  9392 | D:11     | Received a gift from Trog
  9600 | D:11     | Noticed a boulder beetle
  9610 | D:11     | Killed a boulder beetle
  9762 | Lair:1   | Entered Level 1 of the Lair of Beasts
  9778 | Lair:1   | Reached skill level 10 in Fighting
  9779 | Lair:1   | Reached skill level 13 in Polearms
  9871 | Lair:1   | Identified the +0 chain mail of Poor Excuses {Drain rElec
                  | Str+3}
  9943 | Lair:1   | Noticed Prince Ribbit
  9948 | Lair:1   | Killed Prince Ribbit
 10057 | Lair:1   | You fall into a shaft and drop 1 floor!
 10128 | Lair:2   | Found a staircase to the Snake Pit.
 10210 | Lair:2   | Noticed a six-headed hydra
 10215 | Lair:2   | Killed a six-headed hydra
 10358 | Lair:1   | Noticed a death yak
 10360 | Lair:1   | Noticed a death yak
 10360 | Lair:1   | Noticed a death yak
 10366 | Lair:1   | Noticed a death yak
 10368 | Lair:1   | Killed a death yak
 10379 | Lair:1   | Killed a death yak
 10380 | Lair:1   | Reached skill level 14 in Polearms
 10384 | Lair:1   | Killed a death yak
 10392 | Lair:1   | Killed a death yak
 11743 | Lair:3   | Found a staircase to the Shoals.
 11755 | Lair:3   | I swear I have not seen Swamp at all this month.
 11815 | Lair:3   | Reached XP level 13. HP: 104/106 MP: 13/13
 11896 | Lair:3   | Found a dark tunnel.
 11907 | Lair:3   | It's in the southwest.
 11909 | Volcano  | Entered a volcano
 12074 | Volcano  | Found a radiant altar of Vehumet.
 13095 | Lair:4   | Reached skill level 15 in Polearms
 13391 | Lair:4   | Found a staircase to the Slime Pits.
 13391 | Lair:4   | Found a viscous altar of Jiyva.
 14134 | Lair:5   | Entered Level 5 of the Lair of Beasts
 14207 | Lair:5   | Identified the amulet of Kajots {Spirit Harm Fly Regen+
                  | Str-2}
 14283 | Lair:5   | Found a gate leading to a gauntlet.
 14299 | Lair:5   | Reached skill level 10 in Armour
 14300 | Lair:5   | It's in the southwest, btw.
 14320 | Gauntlet | Entered a Gauntlet
 14320 | Gauntlet | Found a transporter.
 14321 | Gauntlet | Found a transporter.
 14334 | Gauntlet | Found a transporter.
 14338 | Gauntlet | Found a transporter.
 14349 | Gauntlet | Found a transporter.
 14353 | Gauntlet | Found a transporter.
 14366 | Gauntlet | Found a transporter.
 14380 | Gauntlet | Found a transporter.
 14396 | Gauntlet | Found a transporter.
 14398 | Gauntlet | Found a transporter.
 14410 | Gauntlet | Found a transporter.
 14414 | Gauntlet | Found a transporter.
 14439 | Gauntlet | Paralysed by a hornet for 1 turns
 14594 | Gauntlet | Identified the ring "Coamn" {rElec MP+9 Int+3}
 14643 | Gauntlet | Identified the +4 great sword of Bor Wetz {holy, rCorr
                  | SInv}
 14643 | Gauntlet | Noticed a minotaur
 14648 | Gauntlet | Killed a minotaur
 14653 | Gauntlet | Identified the +4 ring mail of the Ecumenical Temple
                  | {rElec}
 14746 | Lair:5   | Received a gift from Trog
 14833 | Lair:5   | Love this vault. :)
 14957 | Lair:5   | Gained mutation: You frequently emit foul miasma when
                  | damaged in melee. [demonic ancestry]
 14957 | Lair:5   | Reached XP level 14. HP: 59/118 MP: 14/14
 15675 | Lair:5   | Identified the ring of Riwnocio {Ice rN++ rCorr Dex-5
                  | Stlth-}
 15901 | Shoals:1 | Entered Level 1 of the Shoals
 15913 | Shoals:1 | Noticed Mlioglotl
 16094 | D:12     | Found an iron altar of Okawaru.
 16157 | D:12     | Noticed Frances
 16168 | D:12     | Killed Frances
 16281 | D:12     | Reached skill level 16 in Polearms
 16296 | D:12     | You are sucked into a shaft and drop 1 floor!
 16315 | D:13     | Received a gift from Trog
 16448 | D:13     | Found a bloodstained altar of Trog.
 17188 | D:12     | Found a staircase to the Orcish Mines.
 17202 | D:12     | Found Ceihul's Book Shoppe.
 17252 | D:12     | Acquired the ring of the Tuna {rC- rN+ rCorr Int+6 SInv}
 17593 | Orc:1    | Entered Level 1 of the Orcish Mines
 17664 | Orc:1    | Noticed Harold
 17667 | Orc:1    | Killed Harold
 17670 | Orc:1    | Noticed Jorgrun
 17678 | Orc:1    | Killed Jorgrun
 17760 | Orc:1    | Noticed Urug
 17766 | Orc:1    | Killed Urug
 17854 | Orc:1    | Noticed Erolcha
 17857 | Orc:1    | Killed Erolcha
 17857 | Orc:1    | Reached ****** piety under Trog
 17858 | Orc:1    | Reached skill level 17 in Polearms
 17921 | Orc:1    | Found a runed translucent door.
 17923 | Orc:1    | Noticed a balrug
 17934 | Orc:1    | Killed a balrug
 17935 | Orc:1    | Gained mutation: You are mostly covered in sharp spines.
                  | [demonic ancestry]
 17935 | Orc:1    | Reached XP level 15. HP: 126/126 MP: 15/15
 17936 | Orc:1    | Identified the +5 battleaxe of Disaster {freeze, Fragile
                  | rC+ MP+9}
 18402 | Orc:2    | Entered Level 2 of the Orcish Mines
 18469 | Orc:2    | Found Boesis's Book Shop.
 18530 | Orc:2    | Found Jah Jame's Antique Armour Shop.
 18904 | Orc:2    | Noticed Nessos
 18912 | Orc:2    | Killed Nessos
 18916 | Orc:2    | Slain by an orc warlord

Illustrated notes ...###.######### #...........# #...........# #.#..#..#...# +..≈........# #.8........<# +..≈........# #.#..#..#...# #.....@.....# #...........# ###.######### ... #### Turn 32 on D:1: Starting vault: clouds of fire! Also has amulet of regeneration. :) #### ##..## # #~...## # ##~.#..## # #~~~....### ##~~#.....## #~~###....## ##### #~~##.....## #.@.# #~####...##. #.#~# ##~# ##...##. ...#~# #~~# #.....#. ....##~# #~~# ##..#... #...)#~~# #~~####...... #....#~~# ##~~#~#...... #... #~~####~~#~#...... #... #~##~###~~~#...... #~##~# #~~~##..... Turn 2302 on D:4: Random river vault. #....#~##~###~~~#... #....#~##~# #~~~##.. ###..#~##~# #~~##... #...#~##~# #~##.... ###...#~#~~###~#..... #.....#~#~#~~~~# #...#.#~#~#~~~~# ##..#.##~~#~#~## #...@.#~~~###~# #.....#~### ### #######~# ### Turn 2317 on D:4: It leads to nowhere ################# #................ #................ #........@....?.. #.########∩###### #.# .# #.# .# #.# .. ## #.# r. .# #.# ... .# ##.####### ###### .# #........# ####.## Turn 2489 on D:4: It's in the northeast. ##### ##...## ##### ##.....## ##...## ####.......######.....# #......@..........._..# #.##.......######.....# #.###.....## ##...## #.# ##...## ##.## #.# ##### #.# #.# #.# ##.## ##### ##.## ##...## ##...## ##...## #.....# #.....####.....# Turn 4602 on Temple: Temple: chain of circles #.....#..........~.... #..................## #####.......#.....~#.# #####................#.# ##..............#.#...#.## #..........###..##†††..... .....#....###...###.....#. #..........#.....#......## #.......#@....>.....#....# #....#..#........#........ #.........###.....#....... #..........###.#.##.....## ##........#.....#.....#.## #####................)†.. ##.....#.#......)#... ##~...........###... .........~# #... Turn 8395 on D:11: Lair has icy entrance. #.#. ##..# .# . #...# .#.# # #...# #.#.#. ## #...# ####..... .# #...###......# . ######...##.......# ###.................# ................@...##. ...~...........§.......# .....###...###......#### .....~#.###.##......# ......#.# #..######.# #.#...#.###.........# ##†††......#..#####.. ###.....#........# #. .#......##.^.....# .# Turn 8493 on D:11: Ice cave entrance northeast of Lair entrance. ### ############.#*# #..#...##P#.##.## #.#.......>.@...#* #####................# ..P.................## ....+.#.............# ..#..#..............# P....#..............#* ....###..............* ...## *......,,,,,,,,* ...# *P#..#,,,,,,,*** Turn 11755 on Lair:3: I swear I have not seen Swamp at all this month. *,,,,,,,,****,,, **#+#**##* *,,,, #..,..## *,,*, #.###..##***** ####.#.....# ## #..........# ##. ###....†....####.. ##.###.#.....P#.+.. #∩@..#.#.....P..#.. ##..†#.#.....'..... ###...#.....##.#>. ##.##.....####.. ########## ##P ## Turn 11907 on Lair:3: It's in the southwest. ##.....###****~~~~,,,,,,,,, #.........,,,,,~~~,,,,,,,,, ##..#.#..#.**...≈.~,,,,,,,,, #........#.##.~≈~~,~,,,**,,, ##..##.PPP.#...~~~~~,,,*,*,, ##.P......P...≈~≈,,,*,***,, #............$~~~~~,,,*,*,, #...#....∩...~~~~~~,,,,,,,, ##........@#~,~~~~,,,,,,,,, #P....#.P.#~~~~~~,,,,,**,,, #...##...##P~~~≈.,,*,****,, #..#..P..##~..~≈≈~***** *,, #............~~≈~~~~~~****, #..P...###..~~~≈≈~~~~~~~*** ####P.## *##~~.~≈~~~~~*** #### *~~..~~~~~~** ****#,,***** Turn 14300 on Lair:5: It's in the southwest, btw.

.# #...............#*,,* *,,,,,,8
.###.#.PP..........#,..* **,,,,,,
.......#≈..........#.P.** **,,,8,
.P.≈≈..#≈.........##...,* **,,,,
....~≈..~≈≈......##.÷..,** ***,*
....~~≈....≈~...##.....,,********
.#..#..≈≈≈≈≈...........,,,,**,,,,
.#......≈≈≈......P.....,,,,,,,,,,
......≈≈≈.......@h.h...,,,****,,,
..≈..............P.....,,**,,***,
..≈≈...................***,,,,,**
..≈.†............P.P..#*,,,,,,,,,
.####.............P.÷##,,,,,,,***
.# *#...#............#,,,,,,*****
##**....#.............,,,,,,*,,,*
.#*,.....,..,,,,,,,,,,,,~,~,,,,,,
##**,..#.#*,,,,,,,,,,,*~~,~~~,~,,


Turn 14833 on Lair:5: Love this vault. :)

Levels and vault maps discovered:
D:1:      shiori_arrival_oz, layout_basic
D:2:      layout_rooms, bh_walls_and_bars, uniq_robin, uniq_natasha
D:3:      layout_loops_cross, serial_shops, shop, uniq_grinder,
          uniq_crazy_yiuf_cottage
D:4:      layout_cave_pools, gammafunk_ghost_cemetery,
          chequers_ossuary_entry_cave, chequers_serial_rivers_large_b
D:5:      layout_basic, minitemple, minmay_temple_entry_mini_moons,
          uniq_eustachio
D:6:      layout_basic, mainiacjoe_overflow_chevrons, lemuel_tele_altar,
          chequers_serial_rivers_small_b, serial_bayou_lake_a
D:7:      layout_cave_pods, minmay_shop_mass
D:8:      layout_basic, serial_shops, nicolae_square_shop, minivault_11,
          uniq_erica
D:9:      layout_roguey, gammafunk_ghost_hydra_chop, st_stairs_12
D:10:     layout_roguey, grunt_decor_cap, minmay_increasing_density, uniq_joseph
D:11:     layout_loops_cross, hellmonk_lair_entry_icy,
          portal_ice_cave_entry_ice_simulacra, kennysheep_diamond
D:12:     layout_small_grid, orc_0_dummy, serial_shops, nicolae_shop_trees,
          okawaru_trees_2, uniq_frances
D:13:     minmay_opposing_rooms, layout_cave_pools, serial_column_ruins,
          column_ruins_hut_pillars, column_ruins_open_tiny,
          column_ruins_columns_dead_end, column_ruins_open_small,
          column_ruins_columns_dead_end, column_ruins_corridor_straight,
          trog_three_pillars_becter
Temple:   hellmonk_temple_beads
Lair:1:   layout_hall_layers, chequers_serial_rivers_small_a,
          infiniplex_staircase_pool_2, grunt_megastairs_5, lemuel_fruit_tree,
          uniq_prince_ribbit2
Lair:2:   layout_roguey, minmay_snake_entry_guardpost_medium,
          lemuel_another_geyser
Lair:3:   layout_roguey, shoals_dummy_entry, enter_volcano_3
Lair:4:   layout_small_grid, slime_entry_1, worms_lemuel
Lair:5:   grunt_lair_end_beastmaster, layout_regular_city,
          gauntlet_entry_generic, serial_rivers, chequers_serial_rivers_marsh,
          chequers_serial_rivers_micro_c, chequers_serial_rivers_micro_b,
          chequers_serial_rivers_large_a, chequers_serial_rivers_small_b,
          minivault_25, st_stairs_5, minmay_lair_oklob_items,
          dreamdust_gnoll_shepherd, lemuel_fruit_fields, serial_bayou_shore_a,
          serial_bayou_shore_b
Shoals:1: layout_shoals, serial_shops, nicolae_take_the_stairs, uniq_mlioglotl,
          uniq_louise
Orc:1:    dreamdust_dug_too_deep, layout_caves, nicolae_orc_lava_tube,
          uniq_urug, uniq_erolcha, uniq_harold, uniq_jorgrun
Orc:2:    grunt_orc_cross, layout_diamond_mine, serial_shops, shop, uniq_nessos

Skill      XL: |  1  2  3  4  5  6  7  8  9 10 11 12 13 14 |
---------------+-------------------------------------------+-----
Armour         | 2 3 4 5 6 7 8 10 11 | 11.7
Fighting       | 4 5 6 7 8 9 11 13 14 | 14.0
Polearms       | 1 2 4 7 9 10 12 14 15 17 | 17.4
Evocations     | 2 4 6 |  6.0
Stealth        | 1 |  1.0
Dodging        | 2 |  2.0
Unarmed Combat | |  2.6

Action                     |  1- 3 |  4- 6 |  7- 9 | 10-12 | 13-15 || total
---------------------------+-------+-------+-------+-------+-------++-------
  Melee: Unarmed           |   107 |    91 |     3 |       |       ||   201
         Headbutt          |    15 |    23 |    42 |    96 |   115 ||   291
         Punch             |     1 |     3 |     1 |    13 |    11 ||    29
         Trident           |       |   114 |   225 |   277 |       ||   616
         Demon trident     |       |       |       |   252 |   445 ||   697
         Glaive            |       |       |       |       |   149 ||   149
 Invoke: Berserk           |     1 |     2 |     7 |     7 |    10 ||    27
         Trog's Hand       |       |       |     1 |     1 |     1 ||     3
         Brothers in Arms  |       |       |       |     1 |       ||     1
  Evoke: Wand              |       |       |       |     1 |     3 ||     4
    Use: Scroll            |       |     9 |     8 |    12 |    16 ||    45
         Potion            |       |       |       |     1 |     1 ||     2
   Stab: Distracted        |       |       |       |     1 |       ||     1
         Petrified         |       |       |       |       |     4 ||     4
 Armour: Ring mail         |    30 |       |       |       |       ||    30
         Scale mail        |     1 |    86 |    49 |       |       ||   136
         Leather armour    |       |       |    12 |     1 |       ||    13
         Acid dragon scale |       |       |       |    65 |       ||    65
         Plate armour      |       |       |       |    87 |   321 ||   408
  Dodge: Dodged            |    65 |    89 |    60 |   135 |   151 ||   500
